AoeStats
← kimbo

Arabia

506262063Analyzed
2v2 RM · 20d ago on Sep 12, 2026· 26m 23s· 4 players
Game mode
Random Map
Map size
Medium (4 player)
Population
200
Speed
Normal
Resources
Standard
Victory
Conquest
Starting age
Dark Age
Ending age
Imperial Age
RankedLock teamsTeams togetherTeam positionsShared explorationLock speedFull tech treeHidden civsTurbo modeCheats
Victory
Defeat
🇦🇷 Vietnamese · Argentina
1406
+14
🇩🇪 Aztecs · Germany
1347
+18
🇦🇷 Maya · Argentina
1372
-16
🇦🇷 Persians · Argentina
1369
-16
Pingocho
8:23 Feudal Age
7:48 Loom
9:04 Double-Bit Axe
20:33 Castle Age
19:17 Scale Barding Armor
19:36 Bloodlines
20:31 Forging
20:15 Gold Mining
20:08 Horse Collar
21:48 Chain Barding Armor
kimbo
0:25 Loom
9:13 Feudal Age
16:08 Fletching
17:42 Padded Archer Armor
24:28 Castle Age
22:32 Gold Mining
23:00 Double-Bit Axe
24:03 Horse Collar
Rec
7:22 Loom
10:14 Feudal Age
13:26 Forging
18:56 Double-Bit Axe
21:46 Castle Age
19:28 Horse Collar
21:28 Scale Mail Armor
22:14 Arson
22:42 Heavy Plow
22:22 Man-at-Arms
22:25 Pikeman
23:42 Iron Casting
24:44 Bow Saw
26:38 Squires
Kosmic Ironside
6:51 Loom
9:27 Feudal Age
9:43 Man-at-Arms
16:36 Double-Bit Axe
22:45 Castle Age
21:41 Fletching
22:24 Horse Collar
22:35 Gold Mining
23:11 Crossbowman
23:48 Bodkin Arrow
25:43 Bow Saw
25:50 Padded Archer Armor
26:23 Heavy Plow
Connection lost

Rejoining the realm…

Still unreachable

The connection could not be restored.

Session expired

The server has moved on; the page needs a fresh start.